 Dungeon Crawl Stone Soup version 0.31-a0-675-g238779eb0a (webtiles) character file.

Game seed: 3655346258709460386

48 qw the Shooter (level 3, 0/22 HPs)
             Began as a Gargoyle Hunter on Sept 5, 2023.
             Slain by Robin
             ... wielding a +0 spear of freezing
              (4 damage)
             ... on level 2 of the Dungeon.
             The game lasted 00:00:23 (526 turns).

qw the Shooter (Gargoyle Hunter)                     Turns: 526, Time: 00:00:24

Health: 0/22       AC:  6    Str: 14    XL:     3   Next: 72%
Magic:  3/3        EV: 11    Int:  9    God:
Gold:   43         SH:  0    Dex: 15    Spells: 2/2 levels left

rFire   . . .        Y - +0 shortbow
rCold   . . .        (shield currently unavailable)
rNeg    + . .        c - +0 leather armour
rPois   inf          (no helmet)
rElec   +            (no cloak)
rCorr   .            (no gloves)
SInv    .            (no boots)
Will    .....        (no amulet)
Stlth   ++           (no ring)
HPRegen 0.23/turn    (no ring)
MPRegen 0.08/turn

%: no passive effects
@: no status effects
A: sickness immunity, AC +3, negative energy resistance 1, electricity
resistance, torment resistance 1, petrification resistance
a: no special abilities


You were on level 2 of the Dungeon.
You visited 1 branch of the dungeon, and saw 2 of its levels.

You collected 43 gold pieces.


Innate Abilities, Weirdness & Mutations

You are immune to sickness and miasma.
Your stone body is resilient. (AC +3)
You are immune to poison.
You resist negative energy. (rN+)
You are resistant to electric shocks. (rElec)
You are resistant to unholy torment.
You are immune to petrification.


   Skills:
 + Level 2.9 Fighting
 - Level 5.0 Ranged Weapons
 - Level 1.5 Dodging
 - Level 1.1 Stealth


You had 2 spell levels left.
You didn't know any spells.
Your spell library was empty.

Inventory:

Hand Weapons
 Y - a +0 shortbow (weapon)
Armour
 c - a +0 leather armour (worn)
Scrolls
 a - 2 scrolls of identify
Potions
 d - a potion of mutation {unknown}
 g - a potion of haste {unknown}

Dungeon Overview and Level Annotations

Branches:
Dungeon (2/15)

Altars:

Shops:
D:1 [

Annotations:
D:2 Robin


Message History

A goblin comes into view. It is wielding a +0 dagger.
Robin hits you from afar with a +0 spear of freezing.
Robin freezes you. The goblin hits you but does no damage.
The hobgoblin barely misses you. Robin throws the goblin at you!
A goblin comes into view. It is wielding a +0 dagger.
You shoot an arrow. The arrow hits the hobgoblin.
You kill the hobgoblin!
The goblin barely misses you. The goblin hits you with a +0 dagger.
Robin hits you from afar with a +0 spear of freezing.
Robin freezes you.
You shoot an arrow. The arrow hits the hobgoblin!
You kill the hobgoblin!
A quokka comes into view.
The goblin closely misses you. The goblin hits you with a +0 dagger.
A rat comes into view.
Robin barely misses you.
You shoot an arrow. The arrow hits the goblin.
You kill the goblin!
The goblin no longer looks unusually strong.
The goblin hits you but does no damage. Robin throws the goblin at you!
You shoot an arrow. The arrow hits the goblin!
You kill the goblin!
You hear a shout!
The goblin no longer looks unusually strong.
The goblin hits you but does no damage.
A hobgoblin comes into view.
Robin roars a battlecry!
The goblin goes into a battle-frenzy!
You shoot an arrow. The arrow misses the quokka.
The arrow barely misses Robin.
The arrow hits the rat!
You kill the rat!
The goblin hits you but does no damage.
A goblin comes into view. It is wielding a +0 club.
Robin throws the goblin at you!
A goblin comes into view. It is wielding a +0 club.
The quokka barely misses you. The goblin misses you.
The goblin hits you with a +0 club.
Robin hits you from afar with a +0 spear of freezing.
You die...
Robin says, "And that's why I'm the boss."

................#
############.##.....
#####..# ###.
##......##
#........##
#..........#
#....).....#
#........gg#
#.........@#
#.........r#
##........g#
........wgg
........?# ........#
........# ..%.....#


You could see a worm, Robin, a quokka, a hobgoblin (strong) and 3 goblins.

Vanquished Creatures
  2 dart slugs (D:1)
  6 bats
  2 endoplasms
  A giant cockroach (D:1)
  7 goblins
  5 hobgoblins
  A quokka (D:1)
  4 ball pythons
  3 frilled lizards
  3 kobolds
  9 rats
43 creatures vanquished.

Notes
Turn   | Place    | Note
-------+----------+-------------------------------------------
     0 | D:1      | qw the Gargoyle Hunter began the quest for the Orb.
     0 | D:1      | Reached XP level 1. HP: 12/12 MP: 1/1
     0 | D:1      | 0 ||| qw: Version: 0.3-a-75-g829b12e
     0 | D:1      | 0 ||| qw: Game counter: 211
     0 | D:1      | 0 ||| qw: Melee chars always use a shield: true
     0 | D:1      | 0 ||| qw: God list: Okawaru
     0 | D:1      | 0 ||| qw: Allow faded altars: false
     0 | D:1      | 0 ||| qw: Do Orc after clearing Dungeon:15 true
     0 | D:1      | 0 ||| qw: Do second Lair branch before Depths: true
     0 | D:1      | 0 ||| qw: Lair rune preference: random
     0 | D:1      | 0 ||| qw: Goals: Normal
     0 | D:1      | 0 ||| PLANNING D:1-11
    43 | D:1      | Found Vurphaq's Armour Emporium.
    50 | D:1      | Reached XP level 2. HP: 14/17 MP: 2/2
    64 | D:1      | 64 ||| SHOPLISTING +0 ring mail "Denext" {Dex+2} (167 gold,
                  | have 9).
    64 | D:1      | 64 ||| SHOPLISTING -1 cloak "Ragiwy" {rElec rPois rN+} (240
                  | gold, have 9).
    64 | D:1      | 64 ||| SHOPLISTING scarf of resistance (352 gold, have 9).
   260 | D:1      | Reached XP level 3. HP: 21/21 MP: 3/3
   268 | D:1      | Reached skill level 5 in Ranged Weapons
   411 | D:1      | 411 ||| READING 2 scrolls labelled ATOAJAL PAWA.
   412 | D:1      | 412 ||| READING scroll labelled LUCHIT JIRUTSI.
   413 | D:1      | 413 ||| DROPPING scroll of butterflies.
   513 | D:2      | Noticed Robin
   524 | D:2      | HP: 5/22 [Robin/goblin (1)]
   526 | D:2      | Slain by Robin

Levels and vault maps discovered:
D:1:      dpeg_arrival_court, layout_rooms, serial_shops,
          nicolae_shop_rolling_square, ebering_dispersal_statue_hall
D:2:      layout_rooms, basic_ecumenical_altar, grunt_ministairs_4,
          uniq_terence, uniq_robin

Skill      XL: |  1  2  3 |
---------------+----------+-----
Ranged Weapons | 5 |  5.0
Fighting       | |  2.9
Dodging        | |  1.5
Stealth        | |  1.1

Action                     || total
---------------------------++-------
   Fire: Shortbow          ||   110
    Use: Scroll            ||     2
 Armour: Leather armour    ||    41
  Dodge: Dodged            ||    38

Table legend:
 A = Non-vault XP
 B = Vault XP
 C = Vault XP percentage of total XP
 D = Non-vault monster count
 E = Vault monster count
 F = Vault count percentage of total count
                 A         B        C        D         E       F
            +---------+---------+-------+---------+---------+-------
      Total |      54 |      16 |  22.9 |      34 |       9 |  20.9
            +---------+---------+-------+---------+---------+-------
        D:1 |      45 |       0 |   0.0 |      28 |       0 |   0.0
        D:2 |       9 |      16 |  64.0 |       6 |       9 |  60.0
            +---------+---------+-------+---------+---------+-------
